 Dungeon Crawl Stone Soup version 0.30-a0-137-gd8773701ce (webtiles) character file.

Game seed: 3979196945114214013

150882 Flugkiller the Eclecticist (level 18, -16/126 (128) HPs)
             Began as a Djinni Hedge Wizard on Sept 22, 2022.
             Was a Believer of Uskayaw.
             Shot with an arrow by a deep elf master archer (36 damage)
             ... on level 3 of the Elven Halls.
             The game lasted 00:56:21 (32267 turns).

Flugkiller the Eclecticist (Djinni Hedge Wizard)   Turns: 32267, Time: 00:56:22

HP:   -16/126 (128) AC:  8    Str:  9    XL:     18   Next: 17%
Gold: 2021          EV: 20    Int: 29    God:    Uskayaw [**....] SH:  5 Dex: 14

rFire   + + .      SeeInvis .    K - +5 rapier (speed)
rCold   . . .      Faith    .    N - +0 buckler
rNeg    . . .      Spirit   .    D - +0 troll leather armour
rPois   ∞          Reflect  .    A - +0 hat of Boredom {Int+6}
rElec   +          Harm     .    M - +2 cloak
rCorr   .          Rampage  .    i - +0 pair of gloves
Will    ++...                    (boots unavailable)
Stlth   +++.......               Y - amulet of regeneration
HPRegen 1.91/turn                k - ring of Terra Nullius {rElec rC+ Will+}
MPRegen 0.00/turn                v - +4 ring of evasion

@: flying, very slightly contaminated, lightly drained, invisible
A: sickness immunity, fire resistance 2, cold vulnerability 1, float, innate
caster, HP casting, extra vitality 1
a: Renounce Religion, Stomp, Line Pass


You were on level 3 of the Elven Halls.
You worshipped Uskayaw.
Uskayaw was aware of your devotion.
You visited 5 branches of the dungeon, and saw 26 of its levels.
You also visited: Bailey.

You collected 4254 gold pieces.
You spent 2233 gold pieces at shops.

Inventory:

Hand Weapons
 C - the +7 falchion of Incongruity {speed, SInv}
   (You took it off a kobold brigand on level 9 of the Dungeon)

   Attacks with this weapon are significantly faster.
   SInv:      It lets you see invisible.
 K - a +5 rapier of speed (weapon)
   (You took it off a spriggan on level 5 of the Lair of Beasts)
Missiles
 H - 10 curare-tipped darts
 Q - 2 throwing nets
Armour
 i - a +0 pair of gloves (worn)
   (You found it on level 1 of the Dungeon)
 A - the +0 hat of Boredom (worn) {Int+6}
   (You found it on level 9 of the Dungeon)

   Int:       It affects your intelligence (+6).
 D - a +0 troll leather armour (worn)
   (You found it in a bailey)
 F - a scarf of resistance
   (You found it on level 5 of the Lair of Beasts)
 M - a +2 cloak (worn)
   (You took it off Crazy Yiuf on level 5 of the Dungeon)
 N - a +0 buckler (worn)
   (You found it on level 9 of the Dungeon)
Jewellery
 g - a +4 ring of evasion
   (You found it on level 1 of the Elven Halls)
 j - a +4 ring of slaying
   (You found it on level 15 of the Dungeon)
 k - the ring of Terra Nullius (left hand) {rElec rC+ Will+}
   (You bought it in a shop on level 1 of the Orcish Mines)

   [ring of willpower]

   rC:        It protects you from cold.
   rElec:     It insulates you from electricity.
   Will:      It increases your willpower.
 m - a ring of willpower
   (You found it on level 11 of the Dungeon)
 p - a ring of protection from fire
   (You took it off a deep elf death mage on level 3 of the Elven Halls)
 v - a +4 ring of evasion (right hand)
   (You found it on level 14 of the Dungeon)
 y - the amulet of Ru's Generosity {Faith +Inv rPois Dex+3}
   (You found it on level 6 of the Dungeon)

   [amulet of faith]

   It allows you to gain divine favour quickly.
   Dex:       It affects your dexterity (+3).
   rPois:     It protects you from poison.
   +Inv:      It lets you turn invisible.
 Y - an amulet of regeneration (around neck)
   (You found it on level 13 of the Dungeon)
Wands
 b - a wand of quicksilver (16)
   (You took it off Joseph on level 8 of the Dungeon)
 u - a wand of polymorph (2)
   (You found it on level 3 of the Elven Halls)
 L - a wand of mindburst (19)
   (You found it on level 9 of the Dungeon)
 O - a wand of roots (8)
   (You found it on level 9 of the Dungeon)
 P - a wand of flame (99)
   (You found it on level 7 of the Dungeon)
 S - a wand of digging (4)
   (You took it off Josephine on level 15 of the Dungeon)
 X - a wand of charming (3)
   (You found it on level 12 of the Dungeon)
Scrolls
 c - 3 scrolls of fear
 e - 4 scrolls of vulnerability
 f - 6 scrolls of magic mapping
 l - 5 scrolls of immolation
 r - 10 scrolls of identify
 t - 12 scrolls of teleportation
 G - 2 scrolls of poison
 I - 2 scrolls of butterflies
 W - a scroll of summoning
Potions
 a - 3 potions of ambrosia
 d - 7 potions of might
 h - 6 potions of haste
 n - 2 potions of resistance
 q - 7 potions of curing
 s - 3 potions of mutation
 w - a potion of heal wounds
 B - 3 potions of cancellation
 E - 3 potions of invisibility
 J - a potion of brilliance
 V - 4 potions of attraction
Miscellaneous
 o - a box of beasts
   (You found it on level 3 of the Elven Halls)
 R - a phial of floods
   (You found it on level 14 of the Dungeon)
 T - a phantom mirror (inert)
   (You found it on level 12 of the Dungeon)
 U - a tin of tremorstones (2/2)
   (You found it on level 12 of the Dungeon)


   Skills:
 - Level 11.0 Fighting
 - Level 8.5(10.0) Short Blades
 - Level 8.0(9.7) Long Blades
 - Level 11.0 Dodging
 - Level 5.2 Stealth
 - Level 4.0 Shields
 + Level 16.4 Spellcasting
 - Level 10.0 Invocations
 - Level 7.0 Evocations


You had 6 spell levels left.
You knew the following spells:

 Your Spells              Type           Power      Damage    Failure   Level
a - Magic Dart            Conj           100%       1d8       0%          1
b - Slow                  Hex            100%       N/A       0%          1
c - Call Imp              Summ           87%        N/A       0%          2
d - Cigotuvi's Dreadful   Necr/Pois/Air  100%       N/A       0%          2
e - Mephitic Cloud        Conj/Pois/Air  87%        N/A       0%          3
f - Summon Small Mammal   Summ           100%       N/A       0%          1
g - Poisonous Vapours     Pois/Air       100%       N/A       0%          2
h - Portal Projectile     Hex/Tloc       100%       N/A       0%          3
i - Summon Lightning Spi  Summ/Air       87%        N/A       1%          4
j - Olgreb's Toxic Radia  Pois           87%        N/A       1%          4
k - Agony                 Necr           87%        N/A       1%          5
l - Dispersal             Tloc           43%        N/A       1%          6
m - Orb of Destruction    Conj           43%        9d12      3%          7
r - Blink                 Tloc           100%       N/A       0%          2
Your spell library was empty.

Dungeon Overview and Level Annotations

Branches:
Dungeon (15/15) Zot: 25569  Temple (1/1) D:7 Zot: 5856    Lair (5/5) D:10 Zot: 24943
 Shoals (0/4) Lair:2        Snake (0/4) Lair:3        Slime (0/5) Lair:5
    Orc (2/2) D:10 Zot: 9902     Elf (3/3) Orc:2 Zot: 14462  Vaults (0/5) D:13
 Depths (0/4) D:15         Bailey (visited)

Altars:
Ashenzari
Cheibriados
Dithmenos
Elyvilon
Gozag
Nemelex Xobeh
Okawaru
Qazlal
Ru
Trog
Uskayaw
Wu Jian
Xom
Yredelemnul
Zin
The Shining One
Jiyva

Shops:
Orc:1 =[   Orc:2 (!=?   Elf:1 !   Elf:3 *

Portals:
Abyss: Lair:4
Trove: D:13 (show abyssal rune of Zot)

Annotations:
D:6 kibaces's ghost, amateur TeMo; sastreii's ghost, novice GnAr
Lair:1 Ycunkos's ghost, journeyman MfGl
Lair:4 2 transporters, Jeokheh's ghost, journeyman GrFE
Elf:2 3 runed translucent doors
Elf:3 1 runed translucent door, WhatIsLove's ghost, adept DjCj


Innate Abilities, Weirdness & Mutations

You are immune to sickness and miasma.
You are immune to poison.
Your flesh is very heat resistant. (rF++)
You are vulnerable to cold. (rC-)
You float through the air rather than walking.
You learn spells naturally, not from books.
Your magical power is your life essence.
You have superior vitality. (+4 MHP)


Message History

a +0 chain mail; a +0 rapier A deep elf death mage comes into view.
It is wielding a +0 long sword.
The deep elf death mage shouts!
You hear a shout!
The deep elf death mage moves out of view.
A deep elf high priest comes into view. It is wielding a +0 short sword.
Casting: Orb of Destruction (dangerous; 3% risk of failure)
Confirm with . or Enter, or press ? or * to list all spells.
Aiming: Orb of Destruction (dangerous; 3% risk of failure)
Press: ? - help, Shift-Dir - straight line, f - deep elf high priest
Aim: a deep elf high priest, wielding a +0 short sword (wandering, hasn't noticed you)
The deep elf high priest shouts!
The deep elf high priest utters a dark prayer and points at you.
Your life force is offered up.
You feel a bit more experienced.
You hear a shout!
Casting: Orb of Destruction (dangerous; 3% risk of failure)
Confirm with . or Enter, or press ? or * to list all spells.
Aiming: Orb of Destruction (dangerous; 3% risk of failure)
Press: ? - help, Shift-Dir - straight line, f - deep elf death mage
Aim: a deep elf death mage, wielding a +0 long sword and wearing a +0 leather armour The deep elf death mage points at you and mumbles some strange words.
The bolt of negative energy hits you!
You feel drained.
The orb of destruction hits the deep elf death mage!!!!
You blow up the deep elf death mage!
You can now pass through a line of other dancers.
Your phial of floods has recharged.
You start resting.
A deep elf sorcerer comes into view. It is wielding a +0 long sword.
A deep elf sorcerer is nearby!
Casting: Orb of Destruction (dangerous; 3% risk of failure)
Confirm with . or Enter, or press ? or * to list all spells.
Aiming: Orb of Destruction (dangerous; 3% risk of failure)
Press: ? - help, Shift-Dir - straight line, f - deep elf sorcerer
Aim: a deep elf sorcerer, wielding a +0 long sword You miscast Orb of Destruction.
You are very lightly contaminated with residual magic.
Sparks fly from your hands!
The deep elf sorcerer points at you and mumbles some strange words.
You resist with almost no effort.
Casting: Orb of Destruction (dangerous; 3% risk of failure)
Confirm with . or Enter, or press ? or * to list all spells.
Aiming: Orb of Destruction (dangerous; 3% risk of failure)
Press: ? - help, Shift-Dir - straight line, f/p - deep elf sorcerer
Aim: a deep elf sorcerer, wielding a +0 long sword The deep elf sorcerer wildly gestures.
The deep elf sorcerer shimmers violently.
The deep elf sorcerer casts a spell at you.
The sphere of damnation explodes!
The damnation engulfs you!!!
* * * LOW HITPOINT WARNING * * *
You hear a shout! x5
You hear a shout!
A deep elf death mage comes into view. It is wielding a +0 long sword.
A deep elf master archer comes into view.
The deep elf death mage moves out of view.
The deep elf master archer wields a +0 longbow.
The deep elf master archer shoots an arrow.
The arrow misses you.
The deep elf master archer shoots an arrow.
The arrow completely misses you.
The deep elf master archer shoots an arrow.
The arrow hits you!
* * * LOW HITPOINT WARNING * * *
Unknown command.
Unknown command.
Unknown command.
Okay, then.
You fade into invisibility!
The deep elf master archer shoots an arrow.
The arrow misses you.
You feel much better.
The deep elf master archer shoots an arrow.
The arrow completely misses you.
Unknown command.
The deep elf master archer shoots an arrow. x2
The deep elf master archer shoots an arrow. x2
You see here a +0 long sword.
You can no longer pass through a line of other dancers.
You puncture the deep elf master archer!
The deep elf master archer is lightly wounded.
The deep elf master archer shoots an arrow.
The arrow completely misses you.
The deep elf sorcerer becomes larger for a moment.
You can now pass through a line of other dancers.
You catch the helpless deep elf master archer completely off-guard!
You puncture the deep elf master archer!
The deep elf master archer is moderately wounded.
The deep elf master archer shoots an arrow.
The arrow misses you.
The deep elf master archer shoots an arrow.
The arrow hits you!!
The deep elf death mage beckons forth a restless soul!
The deep elf master archer shoots an arrow.
The arrow hits you!!!
* * * LOW HITPOINT WARNING * * *
Unknown command.
Unknown command.
You feel much better.
The deep elf master archer shoots an arrow.
The arrow hits you!!!
You die...

....#.....#...÷.'.......##.#
..).....)..').###.......##.#
..........#.).###......[##.###
....#....####...#.......##...#
...###..## #..##.......##...#
.)## #### #..##.......##...#
.## #.).'.......'....# ##
#...'.[.....###..#
#.#.@.<....## #..#
#.##e.....## #..# ##'#..)...##
#..# ##........## #..#
#....[.#### #..# #.....## #..#
#..e[e## #..# ##...).# ####
##..#.#


You could see a deep elf master archer (unable to see you), a deep elf death
mage and a deep elf sorcerer.

Vanquished Creatures
  A deep elf master archer (Elf:3)
  2 sphinxes (Elf:3)
  Kirke (Lair:4)
  A deep elf sorcerer (Elf:3)
  An orc warlord (Orc:2)
  2 deep elf elementalists (Elf:3)
  A stone giant (D:15)
  2 deep elf annihilators (Elf:3)
  Nessos (D:15)
  2 deep elf demonologists (Elf:3)
  5 deep elf death magi (Elf:3)
  Snorg (Lair:3)
  An ettin (D:13)
  2 fire dragons (Elf:3)
  3 deep elf high priests
  A hydra (Elf:3)
  2 death knights
  2 boulder beetles
  4 two-headed ogres
  4 centaur warriors
  8 dancing weapons
  3 orc high priests (Orc:2)
  5 deep elf knights
  A harpy (Elf:3)
  16 deep elf archers
  7 orc knights
  23 deep elf pyromancers
  33 deep elf zephyrmancers
  A wolf spider (D:15)
  6 ugly things
  7 manticores
  4 cyclopes
  4 orc sorcerers
  3 elephants
  2 black mambas
  Joseph (D:8)
  A gargoyle (D:12)
  5 cane toads
  An unseen horror (shapeshifter) (D:14)
  An efreet (D:9)
  2 freezing wraiths
  2 kobold demonologists (D:12)
  A yaktaur (shapeshifter) (Elf:3)
  7 komodo dragons
  A queen bee (shapeshifter) (D:9)
  2 tengu conjurers (D:13)
  3 polar bears
  7 hornets
  4 trolls
  2 blink frogs (shapeshifter)
  2 slime creatures (D:12)
  A dream sheep (Lair:5)
  3 air elementals
  2 wraiths
  2 shadows (D:9)
  5 wyverns
  16 spriggans
  2 humans (Lair:4)
  A basilisk (shapeshifter) (D:15)
  A water elemental (Elf:3)
  48 yaks
  3 basilisks
  2 hogs (Lair:4)
  5 vampire mosquitoes
  4 wargs
  An acid dragon (D:9)
  A hell hound (Elf:3)
  16 water moccasins
  A floating eye (shapeshifter) (Elf:2)
  42 orc warriors
  A swamp drake (Lair:3)
  3 boggarts (Lair:5)
  5 black bears
  14 ogres
  17 wolves (Lair:5)
  9 centaurs
  2 kobold brigands (D:9)
  5 bullfrogs
  An earth elemental (Elf:3)
  2 scorpions
  A necrophage (D:9)
  A wight (D:9)
  3 killer bees (D:9)
  4 howler monkeys
  6 electric eels (D:10)
  3 centaur zombies (D:9)
  A human zombie (D:9)
  Crazy Yiuf (D:5)
  32 orc priests
  A gnoll bouda (Lair:5)
  A jelly (D:4)
  19 orc wizards
  3 iguanas
  17 hell rats
  A killer bee zombie (D:9)
  5 mummies (D:9)
  A howler monkey zombie (D:9)
  4 gnolls (D:5)
  16 adders
  A white imp (D:5)
  An ufetubus (D:5)
  2 worms
  7 dart slugs
  100 orcs
  5 ball pythons
  7 bats
  9 endoplasms
  6 giant cockroaches
  6 goblins
  7 hobgoblins
  16 kobolds
  5 frilled lizards
  5 rats
  A butterfly (Lair:4)
717 creatures vanquished.

Vanquished Creatures (collateral kills)
  Louise (D:15)
  Josephine (D:15)
  4 hydras
  3 centaur warriors
  A dancing weapon (Elf:2)
  A boulder beetle (Lair:1)
  An orc high priest (Orc:2)
  A glowing orange brain (shapeshifter) (D:9)
  A lindwurm (D:13)
  Pikel (D:8)
  2 deep elf pyromancers
  2 ugly things
  7 cyclopes
  3 elephants
  A merfolk siren (Lair:2)
  2 black mambas
  6 cane toads
  4 komodo dragons
  A kobold demonologist (D:9)
  An efreet (D:15)
  2 freezing wraiths
  2 polar bears
  4 trolls
  A wind drake (shapeshifter) (D:12)
  6 slime creatures (D:12)
  A spriggan (Lair:5)
  19 yaks
  A wyvern (D:8)
  A vampire (D:7)
  2 hogs (Lair:4)
  A human (Lair:4)
  8 wraiths
  2 basilisks (Lair:1)
  11 vampire mosquitoes
  5 wargs
  6 nagas (Lair:3)
  9 water moccasins
  3 acid dragons
  2 ice beasts
  2 orc warriors
  2 black bears
  5 ogres
  2 centaurs (D:7)
  2 wolves (Lair:5)
  2 lemures (D:8)
  7 bullfrogs
  3 kobold brigands
  11 wights
  4 howler monkeys
  3 jellies
  An orc priest (D:7)
  A hound (D:7)
  3 iguanas (D:6)
  6 orc wizards
  A hell rat (Lair:4)
  A nameless horror (D:6)
  2 adders (Lair:3)
  2 shadow imps
  2 white imps (D:6)
  An ufetubus (D:7)
  14 orcs
  4 goblins (D:8)
  6 kobolds
  A rat (D:1)
218 creatures vanquished.

Vanquished Creatures (others)
  21 fungi
  24 plants
  6 withered plants (D:6)
51 creatures vanquished.

Grand Total: 986 creatures vanquished

Notes
Turn   | Place    | Note
-------+----------+-------------------------------------------
     0 | D:1      | Flugkiller the Djinni Hedge Wizard began the quest for the
                  | Orb.
     0 | D:1      | Flugkiller set off with the following spells memorised:
                  | Magic Dart, Slow, Blink, Call Imp, Cigotuvi's Dreadful Rot,
                  | Mephitic Cloud.
     0 | D:1      | Reached XP level 1. HP: 15/15 MP: 0/0
    59 | D:1      | Reached XP level 2. HP: 5/21 MP: 0/0
   932 | D:1      | Reached XP level 3. HP: 19/25 MP: 0/0
   932 | D:1      | Learned a level 1 spell: Summon Small Mammal
  2168 | D:2      | You are sucked into a shaft and drop 2 floors!
  2309 | D:4      | Reached XP level 4. HP: 27/31 MP: 0/0
  3301 | D:4      | Reached skill level 3 in Spellcasting
  3345 | D:4      | Noticed a black bear
  3362 | D:4      | Killed a black bear
  3363 | D:4      | Reached XP level 5. HP: 13/35 MP: 0/0
  3363 | D:4      | Learned a level 2 spell: Poisonous Vapours
  3530 | D:4      | Reached XP level 6. HP: 13/40 MP: 0/0
  4331 | D:3      | Found a faded altar of an unknown god.
  4403 | D:3      | Noticed an ogre
  4414 | D:3      | Killed an ogre
  4415 | D:3      | Reached XP level 7. HP: 38/45 MP: 0/0
  4415 | D:3      | Learned a level 3 spell: Portal Projectile
  5422 | D:3      | Found a large runed translucent door.
  5422 | D:3      | Found a large runed translucent door.
  5545 | D:3      | Found a snail-covered altar of Cheibriados.
  5598 | D:5      | Entered Level 5 of the Dungeon
  5662 | D:5      | Reached skill level 5 in Dodging
  5694 | D:5      | Noticed a two-headed ogre
  5813 | D:5      | Killed a two-headed ogre
  5814 | D:5      | Reached skill level 5 in Stealth
  5814 | D:5      | Reached skill level 4 in Spellcasting
  5814 | D:5      | Reached XP level 8. HP: 9/50 MP: 0/0
  7095 | D:5      | Reached skill level 1 in Fighting
  7095 | D:5      | Reached skill level 5 in Spellcasting
  7691 | D:5      | Found a runed translucent door.
  7692 | D:5      | Noticed Crazy Yiuf
  7770 | D:5      | Killed Crazy Yiuf
  7771 | D:5      | Reached XP level 9. HP: 56/58 MP: 0/0
  7771 | D:5      | Learned a level 4 spell: Summon Lightning Spire
  8320 | D:6      | Identified the amulet of Ru's Generosity {Faith +Inv rPois
                  | Dex+3}
  8447 | D:6      | Found a runed translucent gate.
  8447 | D:6      | Found a runed translucent gate.
  8447 | D:6      | Found a runed translucent gate.
  8587 | D:6      | Noticed sastreii's ghost (novice GnAr)
  8588 | D:6      | Noticed kibaces's ghost (amateur TeMo)
  8705 | D:7      | Reached skill level 6 in Spellcasting
  8836 | D:7      | Found a staircase to the Ecumenical Temple.
  8967 | Temple   | Entered the Ecumenical Temple
  9101 | Temple   | Became a worshipper of Uskayaw the Reveller
  9469 | D:7      | Reached skill level 5 in Fighting
  9556 | D:7      | Reached skill level 1 in Evocations
 10306 | D:8      | Noticed Pikel
 10322 | D:8      | Reached * piety under Uskayaw
 10325 | D:8      | Killed Pikel
 10326 | D:8      | Reached skill level 7 in Spellcasting
 10326 | D:8      | Reached XP level 10. HP: 45/70 MP: 0/0
 10518 | D:8      | Found a flagged portal.
 10534 | Bailey   | Entered a bailey
 10766 | Bailey   | Reached skill level 8 in Spellcasting
 10795 | Bailey   | Noticed an orc knight
 10813 | Bailey   | Killed an orc knight
 11091 | Bailey   | Found a large runed translucent door.
 11091 | Bailey   | Found a large runed translucent door.
 11092 | Bailey   | Noticed a deep elf pyromancer
 11244 | Bailey   | Killed a deep elf pyromancer
 11383 | D:8      | Reached skill level 9 in Spellcasting
 11494 | D:8      | Found a shimmering altar of Xom.
 11566 | D:8      | Noticed Joseph
 11685 | D:8      | Killed Joseph
 11686 | D:8      | Reached XP level 11. HP: 52/75 MP: 0/0
 11686 | D:8      | Learned a level 4 spell: Olgreb's Toxic Radiance
 12349 | D:9      | Noticed a two-headed ogre
 12354 | D:9      | Reached ** piety under Uskayaw
 12493 | D:9      | Identified the +0 hat of Boredom {Int+6}
 12537 | D:9      | Reached skill level 10 in Spellcasting
 12639 | D:9      | Reached *** piety under Uskayaw
 12641 | D:9      | Reached **** piety under Uskayaw
 12643 | D:9      | Reached ***** piety under Uskayaw
 12647 | D:9      | Noticed a death knight
 12737 | D:9      | Killed a death knight
 12922 | D:9      | Noticed a cyclops
 12926 | D:9      | Identified the +7 flail of Somewhere Else {venom, Contam
                  | rPois Will+}
 12926 | D:9      | Noticed a centaur warrior
 12930 | D:9      | Killed a cyclops
 13139 | D:9      | Identified the +7 falchion of Incongruity {speed, SInv}
 13146 | D:9      | Reached skill level 11 in Spellcasting
 13212 | D:9      | Noticed a moth of wrath
 13230 | D:9      | Noticed a centaur warrior
 13251 | D:9      | Noticed an elephant
 13262 | D:9      | Noticed a lindwurm
 13264 | D:9      | Killed a centaur warrior
 13347 | D:9      | Noticed a white ugly thing
 13353 | D:9      | Noticed a centaur warrior
 13353 | D:9      | Killed a white ugly thing
 13354 | D:9      | Reached XP level 12. HP: 65/81 MP: 0/0
 13431 | D:9      | Killed a centaur warrior
 13432 | D:9      | Reached skill level 12 in Spellcasting
 13534 | D:9      | Noticed a two-headed ogre
 13552 | D:9      | Reached ****** piety under Uskayaw
 13557 | D:9      | Killed a centaur warrior
 13704 | D:9      | Killed a two-headed ogre
 13868 | D:9      | Noticed a centaur warrior
 13879 | D:9      | Killed a centaur warrior
 13880 | D:9      | Reached skill level 13 in Spellcasting
 13888 | D:9      | a slime creature changed into a glowing orange brain
 13888 | D:9      | Noticed a glowing orange brain (shapeshifter)
 13914 | D:9      | Killed a glowing orange brain
 14178 | D:9      | Found a basalt altar of Yredelemnul.
 14593 | D:10     | Entered Level 10 of the Dungeon
 14795 | D:10     | Found a staircase to the Lair.
 14863 | D:10     | Found a staircase to the Orcish Mines.
 15441 | D:11     | Reached XP level 13. HP: 66/85 MP: 0/0
 15441 | D:11     | Learned a level 5 spell: Agony
 15609 | D:11     | Reached skill level 14 in Spellcasting
 16185 | Lair:1   | Entered Level 1 of the Lair of Beasts
 16185 | Lair:1   | Found a runed translucent door.
 16195 | Lair:1   | Noticed Ycunkos's ghost (journeyman MfGl)
 16357 | Lair:1   | Identified the ring "Omaecs" {Ice rPois}
 16668 | Lair:1   | Reached skill level 1 in Long Blades
 16668 | Lair:1   | Reached skill level 1 in Shields
 16668 | Lair:1   | Reached skill level 1 in Invocations
 17068 | Lair:1   | Identified the +0 robe of Death's Door {+Inv rCorr}
 17434 | Lair:2   | Noticed a five-headed hydra
 17443 | Lair:2   | Killed a five-headed hydra
 17496 | Lair:2   | Noticed an eight-headed hydra
 17515 | Lair:2   | Killed an eight-headed hydra
 17748 | Lair:2   | Found a staircase to the Shoals.
 18006 | Lair:3   | Noticed Snorg
 18032 | Lair:3   | Killed Snorg
 18174 | Lair:3   | Found a staircase to the Snake Pit.
 18389 | Lair:3   | Reached XP level 14. HP: 62/94 MP: 0/0
 19135 | Lair:4   | Found a one-way gate to the infinite horrors of the Abyss.
 19135 | Lair:4   | Noticed Jeokheh's ghost (journeyman GrFE)
 19158 | Lair:4   | Found a transporter.
 19181 | Lair:4   | Found a transporter.
 19220 | Lair:4   | Noticed Kirke
 19228 | Lair:4   | Reached skill level 5 in Invocations
 19228 | Lair:4   | Killed Kirke
 19686 | Lair:5   | Entered Level 5 of the Lair of Beasts
 19755 | Lair:5   | Found a viscous altar of Jiyva.
 19755 | Lair:5   | Found a staircase to the Slime Pits.
 20291 | Lair:5   | Reached XP level 15. HP: 90/103 MP: 0/0
 20291 | Lair:5   | Learned a level 6 spell: Dispersal
 20296 | Lair:5   | Reached skill level 5 in Evocations
 20336 | Lair:5   | Reached skill level 5 in Long Blades
 21970 | D:12     | Identified the +6 short sword "Jomueny" {vorpal, Str+2}
 22526 | D:13     | Found a gate to the Vaults.
 22896 | D:13     | Found a portal to a secret trove of treasure.
 22986 | D:13     | Identified the +1 ring mail of the Worm {Will+}
 23309 | D:13     | Reached skill level 10 in Invocations
 24779 | D:15     | Entered Level 15 of the Dungeon
 24868 | D:15     | Noticed Nessos
 24870 | D:15     | Noticed a stone giant
 24873 | D:15     | Killed Nessos
 24874 | D:15     | Reached skill level 10 in Dodging
 24877 | D:15     | Noticed Louise
 24894 | D:15     | Killed Louise
 24914 | D:15     | Found a staircase to the Depths.
 24954 | D:15     | Killed a stone giant
 24955 | D:15     | Reached XP level 16. HP: 107/109 MP: 0/0
 25504 | D:15     | Noticed Josephine
 25509 | D:15     | Killed Josephine
 26390 | D:6      | Identified the +0 scale mail of the Fabulous God {Dex+2}
 26506 | Lair:1   | Identified the +4 glaive of Action {elec, rElec Int+7
                  | Dex-5}
 26542 | Orc:1    | Entered Level 1 of the Orcish Mines
 26555 | Orc:1    | Reached skill level 1 in Short Blades
 26818 | Orc:1    | Found Duz Archo's Weapon Shoppe.
 26845 | Orc:1    | Found Ziroj's Antique Armour Emporium.
 26899 | Orc:1    | Found Leanala's Jewellery Emporium.
 27063 | Orc:2    | Entered Level 2 of the Orcish Mines
 27354 | Orc:2    | Found Qoocvae's Magic Scroll Boutique.
 27365 | Orc:2    | Bought a scroll of blinking for 105 gold pieces
 27494 | Orc:2    | Found Ikhle Vyc's Jewellery Shop.
 27779 | Orc:2    | Found a staircase to the Elven Halls.
 28159 | Orc:2    | Found Haenedym's Distillery.
 28172 | Orc:2    | Bought a potion of haste for 150 gold pieces
 28172 | Orc:2    | Bought a potion of heal wounds for 75 gold pieces
 28172 | Orc:2    | Bought a potion of heal wounds for 75 gold pieces
 28172 | Orc:2    | Bought a potion of resistance for 150 gold pieces
 28202 | Orc:2    | Found Jegot's Weapon Boutique.
 28406 | Orc:1    | Bought a faintly humming chain mail for 228 gold pieces
 28406 | Orc:1    | Identified the +7 chain mail of Noaco {rCorr} (You bought
                  | it in a shop on level 1 of the Orcish Mines)
 28513 | Elf:1    | Entered Level 1 of the Elven Halls
 28537 | Elf:1    | Reached skill level 10 in Fighting
 28660 | Elf:1    | Reached skill level 5 in Short Blades
 28759 | Orc:1    | Bought the ring of Terra Nullius {rElec rC+ Will+} for 736
                  | gold pieces
 28962 | Elf:1    | Found Quptokk's Distillery.
 28967 | Elf:1    | Bought a potion of heal wounds for 70 gold pieces
 28967 | Elf:1    | Bought a potion of heal wounds for 70 gold pieces
 28967 | Elf:1    | Bought a potion of heal wounds for 70 gold pieces
 28967 | Elf:1    | Bought a potion of mutation for 112 gold pieces
 28967 | Elf:1    | Bought a potion of mutation for 112 gold pieces
 28967 | Elf:1    | Bought a potion of haste for 140 gold pieces
 28967 | Elf:1    | Bought a potion of haste for 140 gold pieces
 29772 | Elf:2    | Reached XP level 17. HP: 112/121 MP: 0/0
 29772 | Elf:2    | Learned a level 7 spell: Orb of Destruction
 30150 | Elf:2    | Found a runed translucent gate.
 30151 | Elf:2    | Found a runed translucent gate.
 30151 | Elf:2    | Found a runed translucent gate.
 30462 | Elf:3    | Entered Level 3 of the Elven Halls
 30477 | Elf:3    | Found Yziorghist's Assorted Antiques.
 30772 | Elf:3    | Noticed an Executioner
 30894 | Elf:3    | Reached skill level 15 in Spellcasting
 31046 | Elf:3    | Found a runed translucent door.
 31064 | Elf:3    | Noticed WhatIsLove's ghost (adept DjCj)
 31102 | Elf:3    | Noticed a sphinx
 31119 | Elf:3    | Killed a sphinx
 31206 | Elf:3    | Noticed a sphinx
 31219 | Elf:3    | Killed a sphinx
 31453 | Elf:3    | Paralysed by an air elemental for 1 turns
 31459 | Elf:3    | Identified the +0 flail "Death Rattle" {flame, rElec rPois
                  | Str-2 Dex-4}
 31673 | Elf:3    | Reached skill level 16 in Spellcasting
 31915 | Elf:3    | Identified the +8 long sword of Tenacity {drain, *Corrode
                  | Will+ Str+7 Dex+2}
 31921 | Elf:3    | Reached XP level 18. HP: 111/128 MP: 0/0
 32093 | Elf:3    | Identified the +1 crystal plate armour of Leezyaxy {rN+}
 32180 | Elf:3    | Noticed a deep elf master archer
 32184 | Elf:3    | Killed a deep elf master archer
 32256 | Elf:3    | Noticed a deep elf master archer
 32266 | Elf:3    | HP: 5/126 [deep elf master archer/arrow (44)]
 32267 | Elf:3    | Shot with an arrow by a deep elf master archer

Illustrated notes

Levels and vault maps discovered:
D:1:      scummos_arrival_hexagon, layout_loops_ring, hangedman_decor_points,
          lexackson_kobold_supper
D:2:      layout_basic, minmay_misc_feat_alley
D:3:      layout_basic, jmf_multi_god_temple2,
          shapermc_ecumenical_altar_pompeii, kennysheep_generic_room_2
D:4:      layout_basic, serial_aquarium, aquarium_bridge_square
          [aquarium_subvault_wall, aquarium_subvault_bridge,
          aquarium_subvault_bridge, aquarium_subvault_wall],
          aquarium_bridge_square [aquarium_subvault_bridge,
          aquarium_subvault_window, aquarium_subvault_wall,
          aquarium_subvault_window], aquarium_window_1, aquarium_window_2,
          aquarium_window_1, aquarium_view_2e
D:5:      layout_loops_ring, minivault_5, hangedman_decor_slide_cut,
          uniq_crazy_yiuf_cottage
D:6:      layout_cave_pools, gammafunk_ghost_cemetery
D:7:      layout_loops_ring, minmay_temple_entry_mini_moons
D:8:      layout_cave_pods, mainiacjoe_overflow_tiny_flanked, enter_bailey_3,
          minmay_misc_feat_roman, amcnicky_mini_pool_small, uniq_pikel,
          uniq_joseph
D:9:      minmay_the_grid_square_5x5_4x4 [minmay_the_grid_square_5x5_corner,
          minmay_the_grid_square_5x5_trominoes,
          minmay_the_grid_square_5x5_inner_i,
          minmay_the_grid_square_5x5_hollow_slash,
          minmay_the_grid_square_5x5_dogpile,
          minmay_the_grid_square_5x5_prize_itemx,
          minmay_the_grid_square_5x5_prize_deathbox,
          minmay_the_grid_square_5x5_checkered_sparse,
          minmay_the_grid_square_5x5_plus,
          minmay_the_grid_square_5x5_prize_gold,
          minmay_the_grid_square_5x5_prize_monsterx,
          minmay_the_grid_square_5x5_six, minmay_the_grid_square_5x5_shrine2,
          minmay_the_grid_square_5x5_inner_z,
          minmay_the_grid_square_5x5_misaligned,
          minmay_the_grid_square_5x5_inset], layout_loops_ring,
          lemuel_mausoleum_altar_yredelemnul
D:10:     layout_irregular_city, erik_lair_orcish_takeover, david_orc_3,
          chequers_serial_rivers_micro_b, chequers_big_river, the_hattery
D:11:     layout_irregular_city, bh_walls_and_bars
D:12:     kennysheep_blocky_hall, layout_loops_ring
D:13:     layout_layer_cave, david_vaults_4, trove_entry_hex_spiral
D:14:     layout_layer_cave, chequers_arboretum
D:15:     grunt_enter_depths_giant_problem, layout_loops_corners,
          nicolae_titane, uniq_josephine, uniq_louise, uniq_nessos
Temple:   mainiacjoe_temple_bowtie_tessellation
Lair:1:   layout_gridlike, ebering_ghost_reflecting_pool
Lair:2:   layout_roguey, minmay_shoals_entry_lonely_mermaid
Lair:3:   lemuel_reptile_caves, layout_cave_pods,
          minmay_snake_entry_guardpost_large, infiniplex_staircase_pool_2,
          uniq_snorg
Lair:4:   layout_roguey, gammafunk_ghost_abyssal_escape, lemuel_fruit_fields,
          lemuel_fruit_tree, uniq_kirke
Lair:5:   minmay_lair_end_enchanted_forest, layout_big_grid, slime_entry_1,
          dreamdust_gnoll_shepherd
Orc:1:    layout_caves, serial_shops, shop_fountains, shop,
          nicolae_shop_bloodbath_and_beyond, basic_altar, nicolae_orc_lava_tube
Orc:2:    pubby_orc_utopia, serial_shops
Elf:1:    eino_elf_arrival_customs, layout_geoelf_octagon, serial_shops, shop,
          kennysheep_underground_church, grunt_megastairs_2
Elf:2:    nicolae_elf_blades_crystal_corner, layout_geoelf_grid,
          nicolae_elf_m_pinch
Elf:3:    minmay_elf_hall_spiked, layout_gridlike, serial_shops, shop,
          special_room [special_room_mythical_zoo],
          ebering_ghost_reflecting_pool

Skill      XL: |  1  2  3  4  5  6  7  8  9 10 11 12 13 14 15 16 17 |
---------------+----------------------------------------------------+-----
Stealth        | 2 3 5 |  5.2
Dodging        | 3 4 6 7 9 10 11 | 11.0
Spellcasting   | 3 4 5 7 9 11 13 14 16 | 16.4
Fighting       | 2 5 6 8 11 | 11.0
Evocations     | 3 4 7 |  7.0
Long Blades    | 3 4 8 |  8.0
Shields        | 3 4 |  4.0
Invocations    | 3 8 10 | 10.0
Short Blades   | 6 8 |  8.5

Action                   |  1- 3 |  4- 6 |  7- 9 | 10-12 | 13-15 | 16-18 || total
-------------------------+-------+-------+-------+-------+-------+-------++-------
Melee: Dagger            |    24 |    25 |    49 |    74 |       |       ||   172
       Punch             |       |     1 |       |     3 |     2 |       ||     6
       Falchion          |       |       |       |   159 |   312 |   108 ||   579
       Rapier            |       |       |       |       |       |   142 ||   142
 Cast: Magic Dart        |    88 |    61 |    66 |       |       |     3 ||   218
       Summon Small Mamm |     1 |     1 |     2 |       |       |       ||     4
       Slow              |       |     6 |     3 |     8 |     2 |       ||    19
       Mephitic Cloud    |       |     4 |     5 |     5 |     1 |       ||    15
       Blink             |       |     1 |       |     5 |     2 |     2 ||    10
       Call Imp          |       |     1 |       |       |       |       ||     1
       Poisonous Vapours |       |     6 |    76 |    52 |       |       ||   134
       Summon Lightning  |       |       |    27 |    68 |   114 |    19 ||   228
       Olgreb's Toxic Ra |       |       |       |    57 |   324 |   391 ||   772
       Agony             |       |       |       |       |     7 |     3 ||    10
       Dispersal         |       |       |       |       |     4 |    21 ||    25
       Orb of Destructio |       |       |       |       |       |    54 ||    54
Invok: Stomp             |       |       |       |       |     8 |     4 ||    12
       Line Pass         |       |       |       |       |       |     2 ||     2
Evoke: Wand              |       |       |       |     8 |     3 |     3 ||    14
       Phial of floods   |       |       |       |       |       |     1 ||     1
       Phantom mirror    |       |       |       |       |       |     1 ||     1
  Use: Scroll            |     3 |       |     4 |    13 |     9 |     8 ||    37
       Potion            |       |       |     3 |     4 |       |    12 ||    19
 Stab: Sleeping          |     1 |       |     1 |     5 |       |       ||     7
       Confused          |       |     1 |       |       |       |       ||     1
       Distracted        |       |       |     1 |       |     3 |     1 ||     5
       Paralysed         |       |       |       |    19 |    31 |    16 ||    66
       Invisible         |       |       |       |       |       |     1 ||     1
Armor: Robe              |     9 |     1 |     8 |     4 |       |       ||    22
       Troll leather arm |       |       |       |    70 |   109 |    28 ||   207
Dodge: Dodged            |    45 |    22 |    59 |   213 |   247 |   220 ||   806
Block: Other             |     1 |     5 |    15 |       |       |       ||    21
       Reflection        |       |     2 |     1 |       |       |       ||     3
       Buckler           |       |       |       |       |    89 |    52 ||   141

Table legend: (Time is in decaauts)
 A = Elapsed time spent in this place.
 B = Non-inter-level travel time spent in this place.
 C = Inter-level travel time spent in this place.
 D = Time resting spent in this place.
 E = Time spent auto-exploring this place.
 F = Levels seen in this place.
 G = Mean time per level.
                   A        B        C        D        E       F      G
               +--------+--------+--------+--------+--------+-----+--------+
         Total |  32125 |  30036 |   2089 |   8056 |  15191 |  27 | 1189.8 |
       Dungeon |  20497 |  19460 |   1037 |   6323 |   9244 |  15 | 1366.5 |
        Temple |    143 |    124 |     19 |      0 |    114 |   1 |  143.0 |
          Lair |   5056 |   4485 |    571 |    578 |   2848 |   5 | 1011.2 |
  Orcish Mines |   2097 |   1818 |    279 |     83 |   1256 |   2 | 1048.5 |
   Elven Halls |   3536 |   3355 |    181 |    656 |   1627 |   3 | 1178.7 |
        Bailey |    793 |    793 |      0 |    416 |    102 |   1 |  793.0 |
               +--------+--------+--------+--------+--------+-----+--------+

Top non-repeatable levels by time:
     D:5: 2281 daAuts
     D:4: 2063 daAuts
     D:9: 1903 daAuts
     D:1: 1888 daAuts
     D:8: 1749 daAuts
    D:13: 1667 daAuts
   Elf:3: 1482 daAuts
   Orc:2: 1470 daAuts
     D:7: 1351 daAuts
    D:12: 1260 daAuts
  Lair:5: 1194 daAuts
  Lair:1: 1109 daAuts
   Elf:2: 1076 daAuts
  Lair:3: 1058 daAuts
    D:15: 1048 daAuts
